 Seeded DCSS version 0.29.1-15-g9cfb28693d (webtiles) character file.

Game seed: 1 (custom seed)

8710 Kazon the Slasher (level 10, -7/124 HPs)
             Began as a Demigod Fighter on Mar 15, 2023.
             Mangled by a thrashing horror (10 damage)
             ... on level 2 of the Abyss on Mar 16, 2023.
             The game lasted 00:33:57 (9280 turns).

Kazon the Slasher (Demigod Fighter)                 Turns: 9280, Time: 00:33:58

Health: -7/124     AC:  9    Str: 21    XL:     10   Next: 90%
Magic:  13/13      EV: 17    Int: 10    God:
Gold:   415        SH: 13    Dex: 30    Spells: 9/9 levels left

rFire   . . .      SeeInvis .   P - +5 long sword of the Land of Plenty {drain, Dex+3}
rCold   + . .      Faith    .   c - +0 buckler
rNeg    + . .      Spirit   .   Q - +0 troll leather armour
rPois   .          Reflect  +   k - +0 helmet
rElec   .          Harm     .   (no cloak)
rCorr   .          Rampage  .   (no gloves)
Will    +....                   m - +2 pair of boots
Stlth   ..........              f - amulet "Naku" {Reflect Dex+6 SH+5}
HPRegen 1.10/turn               t - ring of positive energy
MPRegen 0.13/turn               C - ring of protection from cold

@: berserking, lethally poisoned (-7 -> -10), very quick
A: high MP 1, forlorn, divine attributes
a: no special abilities


You were on level 2 of the Abyss.
You visited 1 branch of the dungeon, and saw 10 of its levels.
You visited the Abyss 1 time.

You collected 641 gold pieces.
You spent 226 gold pieces at shops.

Inventory:

Hand Weapons
 e - a +2 dagger of venom
 s - the +3 falchion of Winter {venom, rCorr}
   (You bought it in a shop on level 3 of the Dungeon)

   It poisons the flesh of those it strikes.
   rCorr:     It protects you from acid and corrosion.
 P - the +5 long sword of the Land of Plenty (weapon) {drain, Dex+3}
   (You found it on level 10 of the Dungeon)

   A truly terrible weapon, it drains the life of any living foe it strikes.
   Dex:       It affects your dexterity (+3).
Missiles
 j - 20 stones (quivered)
 q - a throwing net
 x - 14 boomerangs
 A - 3 curare-tipped darts
 H - 13 poisoned darts
Armour
 c - a +0 buckler (worn)
 k - a +0 helmet (worn)
 m - a +2 pair of boots (worn)
 Q - a +0 troll leather armour (worn)
Jewellery
 f - the amulet "Naku" (around neck) {Reflect Dex+6 SH+5}
   (You acquired it on level 1 of the Dungeon)

   [amulet of reflection]

   It reflects blocked missile attacks.
   Dex:       It affects your dexterity (+6).
   SH:        It affects your SH (+5).
 t - a ring of positive energy (left hand)
 C - a ring of protection from cold (right hand)
 N - a ring of protection from cold
Wands
 z - a wand of mindburst (17)
 J - a wand of paralysis (14)
 K - a wand of roots (6)
Scrolls
 i - 11 scrolls of identify
 n - a scroll of immolation
 p - a scroll of poison {unknown}
 r - 3 scrolls of fog {unknown}
 u - 3 scrolls of teleportation
 v - a scroll of magic mapping {unknown}
 y - 2 scrolls of noise {unknown}
 E - 2 scrolls of enchant weapon {unknown}
 I - 3 scrolls of fear
 L - a scroll of summoning {unknown}
 O - a scroll of amnesia {unknown}
Potions
 a - 2 potions of ambrosia {unknown}
 b - 3 potions of berserk rage
 d - 2 potions of might
 g - 2 potions of flight
 h - 4 potions of attraction {unknown}
 l - 2 potions of cancellation
 o - 2 potions of haste {unknown}
 w - 5 potions of lignification {unknown}
 F - a potion of magic
 G - 2 potions of curing
Miscellaneous
 M - a condenser vane


   Skills:
 + Level 6.0 Fighting
 + Level 5.1(7.1) Short Blades
 + Level 7.6(8.4) Long Blades
 + Level 4.3 Throwing
 + Level 5.5 Armour
 + Level 5.4 Dodging
 + Level 5.4 Stealth
 + Level 6.6 Shields
 * Level 5.3 Evocations


You had 9 spell levels left.
You didn't know any spells.
Your spell library contained the following spells:

 Spells                   Type           Power      Damage    Failure   Level
 Apportation              Tloc           0%         N/A       50%         1
 Magic Dart               Conj           0%         1d3       50%         1
 Necrotise                Necr           0%         1d4       50%         1
 Sting                    Tmut/Pois      0%         1d3       50%         1
 Summon Small Mammal      Summ           0%         N/A       50%         1
 Call Imp                 Summ           0%         N/A       63%         2
 Poisonous Vapours        Pois/Air       0%         N/A       63%         2
 Mephitic Cloud           Conj/Pois/Air  0%         N/A       86%         3
 Ozocubu's Armour         Ice            0%         N/A       86%         3
 Olgreb's Toxic Radiance  Pois           0%         N/A       99%         4
 Fireball                 Conj/Fire      0%         3d3       100%        5
 Iskenderun's Battlesphe  Conj           0%         2d6       100%        5
 Metabolic Englaciation   Hex/Ice        0%         N/A       100%        5
 Conjure Ball Lightning   Conj/Air       0%         3x3d6     100%        6
 Simulacrum               Ice/Necr       0%         N/A       100%        6
 Orb of Destruction       Conj           0%         9d5       100%        7


Dungeon Overview and Level Annotations

Branches:
Dungeon (10/15)            Temple (0/1) D:7            Lair (0/5) D:10
    Orc: D:9-12

Shops:
D:3 (   D:8 ?(==

Annotations:
D:10 Erolcha


Innate Abilities, Weirdness & Mutations

You have an increased reservoir of magic. (+10% MP)
You shall have no god before yourself.
Your divine heritage dramatically boosts your attributes as you level up.


Message History

You completely miss the green death.
The green death is severely wounded.
You feel sick. The green death hits you!
You barely miss the green death.
The green death is severely wounded.
You feel sick.
The thrashing horror roars!
You hit the green death.
The green death is almost dead.
The green death gestures at you. The bolt of poison hits you!!
You are more poisoned.
* * * LOW HITPOINT WARNING * * *
You hit the green death.
The green death is almost dead.
You feel very sick. The green death hits you!
* * * LOW HITPOINT WARNING * * *
You hit the green death.
The green death is almost dead.
* * * LOW HITPOINT WARNING * * *
You feel very sick.
You slash the green death!
You kill the green death!
You feel sick.
You block the thrashing horror's attack.
The thrashing horror tramples you but does no damage.
You slice the thrashing horror!!
The thrashing horror is heavily damaged.
* * * LOW HITPOINT WARNING * * *
You feel sick.
The thrashing horror completely misses you.
The thrashing horror tramples you.
* * * LOW HITPOINT WARNING * * *
You stumble backwards!
You closely miss the thrashing horror.
The thrashing horror is heavily damaged.
* * * LOW HITPOINT WARNING * * *
You feel sick. The thrashing horror tramples you!
You die...

#.. ...##..#
# .## # .
..#...#...
## ........#
###.
..X#.###.#
.## # ....#
.## ..#.#
#....#
##...#
.##...##...#
... #..X@# .
### ####..#
##..# ##.#
.# . . ##


You could see a thrashing horror.

Vanquished Creatures
  A green death (Abyss:2)
  A two-headed ogre (D:9)
  Maggie (D:6)
  An anaconda simulacrum (Abyss:2)
  A troll (D:10)
  Prince Ribbit (D:9)
  A shadow (D:9)
  A vampire (D:10)
  A yak (D:6)
  2 wyverns
  Eustachio (D:5)
  2 steam dragons
  Menkaure (D:5)
  Edmund (D:6)
  An acid dragon (D:10)
  4 water moccasins
  4 orc warriors
  An ice beast (D:8)
  5 sky beasts
  2 black bears (D:6)
  4 centaurs
  An ogre (D:6)
  A wolf (D:10)
  2 phantoms (D:6)
  2 kobold brigands
  3 necrophages
  A bullfrog (D:7)
  A gnoll sergeant (D:7)
  5 scorpions
  14 wights
  An electric eel (D:10)
  A howler monkey (D:5)
  2 jellies (D:6)
  6 hounds
  7 orc priests
  A gnoll bouda (D:7)
  6 iguanas
  3 orc wizards
  Robin (D:3)
  15 gnolls
  13 adders
  3 shadow imps
  2 white imps (D:7)
  An ufetubus (D:5)
  3 worms
  34 orcs
  11 endoplasms
  A giant cockroach (D:1)
  16 goblins
  9 hobgoblins
  A jackal (D:4)
  17 kobolds
  A quokka (D:1)
  4 ball pythons
  4 bats
  3 frilled lizards
  6 rats
239 creatures vanquished.

Notes
Turn   | Place    | Note
-------+----------+-------------------------------------------
     0 | D:1      | Kazon the Demigod Fighter began the quest for the Orb.
     0 | D:1      | Reached XP level 1. HP: 18/18 MP: 3/3
    35 | D:1      | Identified a scroll of acquirement
    35 | D:1      | Acquired the amulet "Naku" {Reflect Dex+6 SH+5}
   151 | D:1      | Reached skill level 2 in Long Blades
   151 | D:1      | Reached XP level 2. HP: 25/25 MP: 4/4
   735 | D:2      | Reached XP level 3. HP: 25/30 MP: 5/5
  1256 | D:2      | Reached XP level 4. HP: 19/38 MP: 6/6
  1484 | D:3      | Found Umat's Antique Weapon Boutique.
  1511 | D:3      | Bought a crude falchion for 184 gold pieces
  1511 | D:3      | Identified the +3 falchion of Winter {venom, rCorr} (You
                  | bought it in a shop on level 3 of the Dungeon)
  1677 | D:3      | Reached skill level 3 in Long Blades
  1680 | D:3      | Noticed Robin
  1706 | D:3      | Killed Robin
  1753 | D:3      | Reached skill level 1 in Short Blades
  1753 | D:3      | Reached XP level 5. HP: 28/44 MP: 7/7
  1999 | D:3      | You fall into a shaft and drop 1 floor!
  2310 | D:3      | Reached skill level 5 in Fighting
  2310 | D:3      | Reached skill level 4 in Long Blades
  2310 | D:3      | Reached skill level 5 in Armour
  2310 | D:3      | Reached skill level 5 in Shields
  2310 | D:3      | Reached XP level 6. HP: 56/56 MP: 8/8
  2761 | D:4      | Reached skill level 5 in Long Blades
  3047 | D:4      | Reached XP level 7. HP: 54/61 MP: 9/9
  3134 | D:5      | Entered Level 5 of the Dungeon
  3165 | D:5      | Noticed Eustachio
  3184 | D:5      | Reached skill level 1 in Evocations
  3190 | D:5      | Killed Eustachio
  3727 | D:5      | Noticed Menkaure
  3729 | D:5      | Killed Menkaure
  3730 | D:5      | Reached XP level 8. HP: 68/68 MP: 10/10
  4471 | D:6      | Noticed Maggie
  4496 | D:6      | Killed Maggie
  4741 | D:6      | Noticed Edmund
  4743 | D:6      | Reached XP level 9. HP: 74/74 MP: 11/11
  4756 | D:6      | Killed Edmund
  4757 | D:6      | Reached skill level 6 in Long Blades
  5562 | D:7      | Reached skill level 5 in Short Blades
  5562 | D:7      | Found a staircase to the Ecumenical Temple.
  6189 | D:7      | Reached skill level 5 in Dodging
  6298 | D:8      | Found Quzidd's Magic Scroll Emporium.
  6303 | D:8      | Bought a scroll of teleportation for 42 gold pieces
  6445 | D:8      | Found Heidghoki's Jewellery Shop.
  6512 | D:8      | Reached XP level 10. HP: 62/83 MP: 13/13
  6665 | D:8      | Found Zoxtaeshakh's Jewellery Boutique.
  7090 | D:8      | Found Esumer's Weapon Shop.
  7926 | D:9      | Reached skill level 7 in Long Blades
  7926 | D:9      | Reached skill level 5 in Stealth
  8082 | D:9      | Noticed Prince Ribbit
  8102 | D:9      | Killed Prince Ribbit
  8469 | D:9      | Noticed a two-headed ogre
  8611 | D:9      | Killed a two-headed ogre
  8715 | D:10     | Entered Level 10 of the Dungeon
  8840 | D:10     | Identified the +5 long sword of the Land of Plenty {drain,
                  | Dex+3}
  9087 | D:10     | Found a staircase to the Lair.
  9094 | D:10     | Reached skill level 5 in Evocations
  9172 | D:10     | Noticed Erolcha
  9175 | Abyss:2  | Cast into level 2 of the Abyss (Erolcha)
  9261 | Abyss:2  | Noticed a green death
  9264 | Abyss:2  | Noticed a smoke demon
  9264 | Abyss:2  | Noticed a thrashing horror
  9278 | Abyss:2  | Killed a green death
  9279 | Abyss:2  | HP: 5/124 [thrashing horror (2)]
  9280 | Abyss:2  | Mangled by a thrashing horror

Illustrated notes

Levels and vault maps discovered:
D:1:      dpeg_arrival_three_smaller_balls, layout_basic
D:2:      layout_loops_ring
D:3:      layout_basic, serial_shops, nicolae_shop_stone, st_stairs_9,
          minmay_misc_feat_doors, eino_curves_03, uniq_robin
D:4:      minmay_wonky_spiral, layout_basic,
          mainiacjoe_overflow_surrounded_room, minivault_5
D:5:      layout_cave_pods, uniq_menkaure, uniq_eustachio
D:6:      cheibrodos_barr_body, layout_basic, minmay_crystal_room,
          minmay_pentangle, uniq_maggie, uniq_edmund
D:7:      layout_cave_pools, nicolae_uskayaw_murder_on_the_dancefloor,
          elyvilon_altar_4, minmay_temple_entry_purple_smoke
D:8:      layout_basic, serial_shops, shop_statue, kennysheep_little_box, shop,
          nicolae_shop_window_shopping
D:9:      layout_cave_pools, uniq_prince_ribbit1
D:10:     layout_stronghold, erik_lair_island, serial_shops,
          nicolae_shop_statue_plus, uniq_erolcha
Abyss:2:  base: D:6, evilmike_abyss_exit_chaos

Skill      XL: |  1  2  3  4  5  6  7  8  9 10 |
---------------+-------------------------------+-----
Shields        | 3 5 6 |  6.6
Long Blades    | 2 3 4 5 6 7 |  7.6
Armour         | 3 5 |  5.5
Fighting       | 3 5 6 |  6.0
Short Blades   | 1 4 5 |  5.1
Throwing       | 3 4 |  4.3
Dodging        | 3 4 5 |  5.4
Stealth        | 3 4 5 |  5.4
Evocations     | 2 4 5 |  5.3

Action                   |  1- 3 |  4- 6 |  7- 9 | 10-12 || total
-------------------------+-------+-------+-------+-------++-------
Melee: Long sword        |    69 |       |       |    18 ||    87
       Dagger            |    18 |    88 |   167 |     7 ||   280
       Falchion          |       |    37 |   249 |   173 ||   459
Throw: Stone             |     9 |    23 |    29 |    36 ||    97
Evoke: Wand              |       |       |     3 |    14 ||    17
  Use: Scroll            |     1 |       |     3 |     2 ||     6
       Potion            |       |     1 |     3 |     1 ||     5
 Stab: Sleeping          |       |     1 |    10 |     6 ||    17
       Paralysed         |       |       |       |     5 ||     5
Armor: Scale mail        |    34 |    24 |    32 |       ||    90
       Leather armour    |       |       |    70 |    22 ||    92
       Troll leather arm |       |       |       |     2 ||     2
Dodge: Dodged            |    26 |    38 |   165 |    79 ||   308
Block: Buckler           |    43 |    40 |   212 |    93 ||   388
       Reflection        |       |     2 |    10 |       ||    12
